 Dungeon Crawl Stone Soup version 0.26-b1-32-g5d43845 (webtiles) character file.

Game seed: 1527283181735962614

50499 taqueso the Slinger (level 14, -20/80 HPs)
             Began as a Deep Elf Artificer on Jan 10, 2021.
             Was a High Priest of Vehumet.
             Demolished by Rupert
             ... wielding a +0 vorpal battleaxe
              (32 damage)
             ... on level 6 of the Lair of Beasts on Jan 13, 2021.
             The game lasted 01:49:58 (26055 turns).

taqueso the Slinger (Deep Elf Artificer)           Turns: 26055, Time: 01:49:59

Health: -20/80     AC: 16    Str: 11    XL:     14   Next: 19%
Magic:  22/38      EV: 14    Int: 28    God:    Vehumet [*****.]
Gold:   1466       SH:  0    Dex: 15    Spells: 1/31 levels left

rFire    . . .     SeeInvis .   b - +10 hunting sling of Frustration {flame, Str+2}
rCold    . . .     Faith    .   (no shield)
rNeg     . . .     Spirit   .   G - +1 ring mail of the Snake Pit {Will+}
rPois    .         Reflect  .   r - +2 helmet
rElec    .         Harm     .   L - +2 cloak {Will+}
rCorr    .         Rampage  .   (no gloves)
Will     +++..                  u - +1 pair of boots
Stlth    +.........             H - amulet of magic regeneration
HPRegen  0.23/turn              l - ring of magical power
MPRegen  0.51/turn              f - +6 ring of intelligence

@: very slightly contaminated, invisible
A: no striking features
a: Renounce Religion


You were on level 6 of the Lair of Beasts.
You worshipped Vehumet.
Vehumet was extremely pleased with you.
You visited 3 branches of the dungeon, and saw 20 of its levels.
You also visited: Bailey.

You collected 1466 gold pieces.

Inventory:

Hand Weapons
 a - a +0 dagger of draining
 b - the +10 hunting sling of Frustration (weapon) {flame, Str+2}
   (You found it on level 4 of the Dungeon)

   It causes projectiles fired from it to burn those they strike, causing extra
   injury to most foes and up to half again as much damage against particularly
   susceptible opponents.
   It affects your strength (+2).
 x - a +0 long sword
 Y - the +8 war axe of Ciesean {vorpal, +Inv}
   (You found it on level 13 of the Dungeon)

   It inflicts extra damage upon your enemies.
   It lets you turn invisible.
Missiles
 g - 209 stones (quivered ammo)
 j - a boomerang of dispersal
 k - 86 poisoned darts
 s - 14 javelins
 v - 89 sling bullets
 z - 13 boomerangs
 A - 9 curare-tipped darts
Armour
 r - a +2 helmet (worn)
 u - a +1 pair of boots (worn)
 G - the +1 ring mail of the Snake Pit (worn) {Will+}
   (You found it on level 8 of the Dungeon)

   It affects your willpower, your defense against some magical effects.
 L - a +2 cloak of willpower (worn)
 T - the +0 hat "Kaniptucw" {rC+}
   (You found it on level 10 of the Dungeon)

   It protects you from cold.
Jewellery
 f - a +6 ring of intelligence (right hand)
 l - a ring of magical power (left hand)
 H - an amulet of magic regeneration (around neck)
 X - an uncursed ring of willpower
Wands
 d - a wand of enslavement (11)
 e - a wand of random effects (13)
 h - a wand of polymorph (7)
 y - a wand of acid (5)
 D - a wand of iceblast (3)
 E - a wand of flame (31)
 M - a wand of digging (19)
 S - a wand of paralysis (3)
 U - a wand of disintegration (16)
Scrolls
 i - a scroll of summoning
 m - 13 scrolls of remove curse
 w - a scroll of magic mapping
 F - 2 scrolls of teleportation
 I - 3 scrolls of fear
 K - 4 scrolls of fog
 Q - 2 scrolls of identify
 V - a scroll of holy word
 W - 2 scrolls of enchant weapon
Potions
 p - 3 potions of haste
 q - 4 potions of lignification
 t - 2 potions of magic
 B - 2 potions of attraction
 C - 3 potions of cancellation
 O - 3 potions of brilliance
 P - 3 potions of might
 R - 2 potions of berserk rage
 Z - 2 potions of flight
Miscellaneous
 n - a box of beasts
 J - a box of beasts
 N - a lightning rod (4/4)


   Skills:
 - Level 6.0 Fighting
 - Level 6.4 Short Blades
 - Level 0.3 Maces & Flails
 - Level 11.9(12.0) Slings
 - Level 2.0(9.4) Throwing
 - Level 6.0 Armour
 + Level 6.8 Dodging
 - Level 1.2 Stealth
 - Level 9.0 Spellcasting
 + Level 7.0 Conjurations
 - Level 6.0 Hexes
 - Level 9.0 Summonings
 - Level 1.1 Translocations
 - Level 6.0 Fire Magic
 - Level 6.0 Air Magic
 - Level 5.0 Evocations


You had one spell level left.
You knew the following spells:

 Your Spells              Type           Power        Failure   Level
a - Foxfire               Conj/Fire      100%         1%          1
b - Searing Ray           Conj           100%         1%          2
c - Orb of Destruction    Conj           25%          71%         7
d - Iskenderun's Mystic   Conj/Tloc      35%          4%          4
e - Fulminant Prism       Conj/Hex       24%          1%          4
f - Call Imp              Summ           58%          1%          2
g - Call Canine Familiar  Summ           58%          1%          3
h - Summon Guardian Gole  Hex/Summ       53%          1%          3
i - Summon Lightning Spi  Summ/Air       53%          4%          4

Your spell library contained the following spells:

 Spells                   Type           Power        Failure   Level
 Summon Small Mammal      Summ           100%         1%          1
 Freeze                   Ice            48%          2%          1
 Inner Flame              Hex/Fire       46%          1%          3
 Confusing Touch          Hex            46%          2%          3
 Hailstorm                Conj/Ice       32%          6%          4
 Frozen Ramparts          Ice            24%          8%          3
 Summon Ice Beast         Ice/Summ       37%          14%         4
 Gell's Gravitas          Tloc           9%           19%         3
 Yara's Violent Unravell  Hex/Tmut       14%          19%         5
 Ozocubu's Armour         Ice            12%          28%         3
 Metabolic Englaciation   Hex/Ice        14%          58%         5
 Petrify                  Tmut/Erth      12%          67%         4


Dungeon Overview and Level Annotations

Branches:
Dungeon (13/15)            Temple (1/1) D:4            Lair (6/6) D:11
  Swamp (0/4) Lair:3        Snake (0/4) Lair:2        Slime (0/5) Lair:5
    Orc (0/2) D:11         Bailey (visited)
 Vaults: D:13-14

Altars:
Ashenzari
Cheibriados
Dithmenos
Elyvilon
Fedhas
Gozag
Hepliaklqana
Kikubaaqudgha
Makhleb
Nemelex Xobeh
Okawaru
Qazlal
Ru
Sif Muna
Trog
Uskayaw
Vehumet
Wu Jian
Xom
Yredelemnul
Zin
The Shining One
Jiyva

Annotations:
D:3 2 transporters, bogs101's ghost, weakling DEWz
Lair:1 3 runed translucent doors, Kaece's ghost, novice TeFE
Lair:3 exclusion: oklob plant
Lair:4 3 runed translucent doors, vykuza's ghost, journeyman MiFi
Lair:6 5 exclusions, Rupert


Message History

Rupert barely misses your lightning spire.
You are very lightly contaminated with residual magic.
Casting: Summon Guardian Golem (safe; 1% risk of failure)
Confirm with . or Enter, or press ? or * to list all spells.
A guardian golem appears, shielding your allies.
The water moccasin barely misses you.
Rupert hits you with a +0 vorpal battleaxe!!
* * * LOW HITPOINT WARNING * * *
x2 Rupert barely misses your lightning spire.
The water moccasin bites you but does no damage.
You feel better. Rupert barely misses you.
Rupert hits your lightning spire with a +0 vorpal battleaxe!
The water moccasin bites you but does no damage.
Fire: 210 stones
Press: ? - help, Q - select action, (/) - cycle Shift-Dir - straight line, f/p - Rupert
Aim: Rupert, wielding a +0 vorpal battleaxe and wearing a +0 scale mail (almost dead, berserk)
You shoot a stone. The stone hits Rupert.
The stone burns Rupert.
Rupert is almost dead.
Rupert hits you with a +0 vorpal battleaxe!!
You die...

#.##.........PP...## #### *
.##......###.......# *
.###......#.....P..# **
P.#........#.......#******* **,
................#...,,,*,,* *,,
<...P.....P....#####,,,,,,*****,,
....P#.#......## *,*,,,,,,,,,*,,,
#.............5###,*,,,,,,,,,,,,,
#.....##.....##8@#,,,,,,,,,,,,,,,
......##.#.##.#S@#,,,,,*,***,,,,,
.P.........#*#8P(.8....#***,,,,,,
..#......P.,*#P.......## *,,,,**
,.......PP.,*#.....(P.# **,,,**
,*,*,,....,,,.......(.#* **,,**,
,,,,**,**,**...........#***,,,***
,,*******,,......#.....#,**,,,*
,,,* **,.............(****,,**


You could see Rupert (berserk), a water moccasin, a friendly guardian golem
(summoned), a friendly lightning spire (summoned, sheltered) and a friendly
shadow imp (summoned).

Vanquished Creatures
  10 hydras
  A catoblepas (D:13)
  2 centaur warriors
  A two-headed ogre (D:9)
  Sonja (D:10)
  Nergalle (D:10)
  An unseen horror (D:11)
  An orc knight (Bailey)
  4 lindwurms (Lair:3)
  3 ugly things (D:12)
  2 cyclopes (D:12)
  Maurice (D:8)
  6 elephants
  4 black mambas
  A centaur zombie (D:10)
  Joseph (Lair:1)
  3 cane toads
  A torpor snail (Lair:5)
  7 rime drakes (Lair:4)
  A kobold demonologist (D:8)
  9 komodo dragons
  3 trolls
  2 polar bears
  9 blink frogs
  8 dream sheep
  13 wyverns
  A hog (Lair:6)
  17 yaks
  A steam dragon (D:12)
  5 basilisks (Lair:4)
  A naga (Lair:2)
  A swamp worm (Lair:3)
  5 wargs
  4 water moccasins
  A hell hound (Lair:4)
  11 orc warriors
  5 black bears
  2 sky beasts
  4 phantoms
  An eye of draining (D:13)
  3 ogres
  An ice beast (D:6)
  A necrophage (D:6)
  4 centaurs
  15 wolves
  15 big kobolds (D:8)
  12 bullfrogs
  A gnoll sergeant (D:8)
  A wyvern zombie (D:7)
  A wyvern skeleton (D:11)
  6 scorpions
  A water moccasin skeleton (D:10)
  16 wights
  A bullfrog zombie (D:6)
  A quasit (D:8)
  11 orc priests
  2 hounds
  10 orc wizards
  2 jellies
  6 iguanas
  Jessica (D:2)
  4 bullfrog skeletons
  3 hell rats (Lair:4)
  7 worker ants
  3 hound skeletons
  14 adders
  4 gnolls (D:8)
  A shadow imp (D:4)
  An ufetubus (D:5)
  3 oozes
  2 adder skeletons
  A dart slug (D:1)
  7 leopard geckos
  59 orcs
  A ball python (D:3)
  6 bats
  4 giant cockroaches
  14 goblins
  8 hobgoblins
  20 jackals
  11 kobolds
  4 quokkas
  2 frilled lizards
  A leopard gecko skeleton (D:5)
  4 quokka skeletons
  7 rats
457 creatures vanquished.

Vanquished Creatures (collateral kills)
  Kirke (Lair:6)
  A hydra (Lair:5)
  Harold (Lair:1)
  2 death yaks (Lair:5)
  3 elephants
  A cane toad (Lair:1)
  2 komodo dragons
  3 dream sheep (Lair:5)
  A basilisk (Lair:4)
  4 yaks
  5 hogs (Lair:6)
  A water moccasin (Lair:6)
  An orc warrior (D:11)
  3 black bears (Lair:1)
  3 wolves
  6 killer bees (D:7)
  An orc priest (D:11)
  An adder skeleton (D:4)
  2 orcs
  2 jackals (D:1)
44 creatures vanquished.

Vanquished Creatures (others)
  A black mamba (Lair:6)
  A yak (Lair:6)
  A goblin (D:1)
  46 foxfires
  28 fungi
  33 plants
110 creatures vanquished.

Grand Total: 611 creatures vanquished

Notes
Turn   | Place    | Note
-------+----------+-------------------------------------------
     0 | D:1      | taqueso the Deep Elf Artificer began the quest for the Orb.
     0 | D:1      | Reached XP level 1. HP: 11/11 MP: 3/3
   536 | D:1      | Reached skill level 1 in Short Blades
   536 | D:1      | Reached XP level 2. HP: 16/16 MP: 4/4
  1278 | D:1      | Reached XP level 3. HP: 20/20 MP: 5/5
  2036 | D:2      | Noticed Jessica
  2042 | D:2      | Killed Jessica
  2228 | D:2      | Reached skill level 1 in Throwing
  2228 | D:2      | Reached XP level 4. HP: 22/24 MP: 6/6
  3449 | D:3      | Found a transporter.
  3501 | D:3      | Identified the +9 halberd of Infection {venom, rN++ Str+3
                  | Dex+2}
  3501 | D:3      | Noticed bogs101's ghost (weakling DEWz)
  3708 | D:3      | Reached XP level 5. HP: 10/28 MP: 7/7
  3727 | D:3      | HP: 2/42 [goblin/+0 club (3)]
  4273 | D:3      | Found a transporter.
  4576 | D:4      | Got a shimmering hunting sling
  4591 | D:4      | Identified the +10 hunting sling of Frustration {flame,
                  | Str+2} (You found it on level 4 of the Dungeon)
  4705 | D:4      | Got a jewelled war axe
  4750 | D:4      | Identified the cursed +1 war axe "Vymm" {flame, rC+} (You
                  | found it on level 4 of the Dungeon)
  4841 | D:4      | Reached skill level 5 in Short Blades
  4845 | D:4      | Reached XP level 6. HP: 23/33 MP: 8/8
  5053 | D:4      | Reached skill level 1 in Slings
  5366 | D:4      | Found a staircase to the Ecumenical Temple.
  5376 | Temple   | Entered the Ecumenical Temple
  5603 | Temple   | Became a worshipper of Vehumet
  5650 | D:5      | Entered Level 5 of the Dungeon
  5721 | D:5      | Reached XP level 7. HP: 37/37 MP: 9/9
  5878 | D:5      | Reached skill level 2 in Slings
  6108 | D:5      | Reached skill level 5 in Evocations
  6110 | D:5      | Reached * piety under Vehumet
  6110 | D:5      | Offered knowledge of Foxfire by Vehumet.
  6479 | D:6      | Reached skill level 3 in Slings
  6606 | D:6      | Reached XP level 8. HP: 35/42 MP: 10/10
  6633 | D:6      | Reached skill level 4 in Slings
  6730 | D:6      | Reached skill level 5 in Slings
  6856 | D:6      | Found an ornate altar of the Wu Jian Council.
  6865 | D:6      | Learned a level 1 spell: Foxfire
  6982 | D:6      | Reached skill level 1 in Conjurations
  7083 | D:6      | Reached ** piety under Vehumet
  7083 | D:6      | Offered knowledge of Searing Ray by Vehumet.
  7099 | D:6      | Learned a level 2 spell: Searing Ray
  7365 | D:6      | Reached skill level 1 in Spellcasting
  7535 | D:6      | Reached skill level 1 in Fire Magic
  7718 | D:6      | Found a shimmering blue altar of Sif Muna.
  7797 | D:6      | Reached XP level 9. HP: 46/46 MP: 14/14
  8051 | D:7      | Found a flagged portal.
  8077 | Bailey   | Entered a bailey
  8143 | Bailey   | Reached skill level 6 in Slings
  8256 | Bailey   | Noticed an orc knight
  8482 | Bailey   | Killed an orc knight
  8483 | Bailey   | Reached skill level 7 in Slings
  8512 | Bailey   | Reached skill level 8 in Slings
  9054 | D:7      | Offered knowledge of Inner Flame by Vehumet.
  9060 | D:7      | Learned a level 3 spell: Inner Flame
  9427 | D:8      | Reached skill level 9 in Slings
  9534 | D:8      | Reached XP level 10. HP: 51/51 MP: 15/15
  9575 | D:8      | Reached *** piety under Vehumet
  9578 | D:8      | Got a smelly ring mail
  9593 | D:8      | Identified the +1 ring mail of the Snake Pit {Will+} (You
                  | found it on level 8 of the Dungeon)
  9757 | D:8      | Noticed Maurice
  9770 | D:8      | Killed Maurice
 10020 | D:8      | Reached skill level 10 in Slings
 10027 | D:8      | Offered knowledge of Hailstorm by Vehumet.
 10049 | D:8      | Noticed a sixfirhy
 10464 | D:9      | Noticed a two-headed ogre
 10477 | D:9      | Killed a two-headed ogre
 10478 | D:9      | Reached skill level 11 in Slings
 10607 | D:9      | Reached **** piety under Vehumet
 10902 | D:9      | Offered knowledge of Iskenderun's Mystic Blast by Vehumet.
 10908 | D:9      | Learned a level 4 spell: Iskenderun's Mystic Blast
 11286 | D:9      | Found a shadowy altar of Dithmenos.
 11375 | D:10     | Entered Level 10 of the Dungeon
 11378 | D:10     | Noticed Nergalle
 11388 | D:10     | Killed Nergalle
 11389 | D:10     | Reached XP level 11. HP: 55/55 MP: 16/16
 11412 | D:10     | Reached skill level 1 in Armour
 11458 | D:10     | Noticed Sonja
 11465 | D:10     | Killed Sonja
 11689 | D:10     | Reached skill level 1 in Fighting
 11692 | D:10     | Got a heavily runed hat
 11703 | D:10     | Identified the +0 hat "Kaniptucw" {rC+} (You found it on
                  | level 10 of the Dungeon)
 12549 | D:11     | Reached ***** piety under Vehumet
 12550 | D:11     | Offered knowledge of Fulminant Prism by Vehumet.
 12554 | D:11     | Killed an unseen horror
 12555 | D:11     | Reached skill level 5 in Spellcasting
 12560 | D:11     | Learned a level 4 spell: Fulminant Prism
 12943 | D:11     | Found a staircase to the Orcish Mines.
 13288 | D:11     | Found a staircase to the Lair.
 13398 | D:11     | Reached skill level 5 in Conjurations
 13846 | D:12     | Noticed a centaur warrior
 13855 | D:12     | Killed a centaur warrior
 13856 | D:12     | Reached skill level 1 in Hexes
 14039 | D:12     | Noticed a green ugly thing
 14050 | D:12     | Killed a green ugly thing
 14186 | D:12     | Reached skill level 5 in Hexes
 14339 | D:12     | Noticed a purple ugly thing
 14353 | D:12     | Killed a purple ugly thing
 14883 | D:12     | Noticed a purple ugly thing
 14896 | D:12     | Killed a purple ugly thing
 14981 | D:12     | Noticed a seven-headed hydra
 14992 | D:12     | Killed a seven-headed hydra
 14993 | D:12     | Reached XP level 12. HP: 64/64 MP: 23/23
 15115 | D:13     | Noticed a catoblepas
 15122 | D:13     | Reached skill level 5 in Fire Magic
 15185 | D:13     | HP: 1/64 [catoblepas (14)]
 15197 | D:13     | Killed a catoblepas
 15955 | D:13     | Noticed a centaur warrior
 15963 | D:13     | Killed a centaur warrior
 16146 | D:13     | Got a bloodstained war axe
 16147 | D:13     | Identified the +8 war axe of Ciesean {vorpal, +Inv} (You
                  | found it on level 13 of the Dungeon)
 16251 | Lair:1   | Entered Level 1 of the Lair of Beasts
 16264 | Lair:1   | Reached skill level 5 in Fighting
 16392 | Lair:1   | Found a runed translucent gate.
 16396 | Lair:1   | Noticed an 11-headed hydra
 16397 | Lair:1   | Found a runed translucent gate.
 16397 | Lair:1   | Found a runed translucent gate.
 16397 | Lair:1   | Noticed a 12-headed hydra
 16397 | Lair:1   | Noticed Kaece's ghost (novice TeFE)
 16448 | Lair:1   | Noticed Joseph
 16456 | Lair:1   | Killed Joseph
 16561 | Lair:1   | Noticed Harold
 16867 | Lair:1   | Killed Harold
 17130 | Lair:1   | Noticed a seven-headed hydra
 17136 | Lair:1   | Killed a seven-headed hydra
 17205 | Lair:1   | Noticed an eight-headed hydra
 17211 | Lair:1   | Killed an eight-headed hydra
 17212 | Lair:1   | Reached skill level 5 in Armour
 17563 | Lair:2   | Noticed a six-headed hydra
 17570 | Lair:2   | Killed a six-headed hydra
 17571 | Lair:2   | Reached skill level 5 in Dodging
 17755 | Lair:2   | Noticed a six-headed hydra
 17762 | Lair:2   | Killed a six-headed hydra
 17763 | Lair:2   | Noticed a five-headed hydra
 17770 | Lair:2   | Killed a five-headed hydra
 17851 | Lair:2   | Reached skill level 1 in Translocations
 17851 | Lair:2   | Reached XP level 13. HP: 16/74 MP: 22/24
 17854 | Lair:2   | Learned a level 2 spell: Call Imp
 17858 | Lair:2   | Learned a level 3 spell: Call Canine Familiar
 18324 | Lair:2   | Found a staircase to the Snake Pit.
 18625 | Lair:3   | Reached skill level 1 in Summonings
 18995 | Lair:3   | Learned a level 3 spell: Summon Guardian Golem
 19668 | Lair:3   | Reached skill level 5 in Summonings
 20669 | Lair:3   | Found a staircase to the Swamp.
 21895 | Lair:4   | Found a runed translucent gate.
 21895 | Lair:4   | Found a runed translucent gate.
 21895 | Lair:4   | Found a runed translucent gate.
 21897 | Lair:4   | Noticed vykuza's ghost (journeyman MiFi)
 22069 | Lair:4   | Learned a level 4 spell: Summon Lightning Spire
 22368 | Lair:4   | Reached skill level 1 in Air Magic
 22614 | Lair:4   | Offered knowledge of Orb of Destruction by Vehumet.
 24692 | Lair:5   | Reached skill level 5 in Air Magic
 24692 | Lair:5   | Reached XP level 14. HP: 80/80 MP: 29/29
 24771 | Lair:5   | Found a viscous altar of Jiyva.
 24772 | Lair:5   | Found a staircase to the Slime Pits.
 25514 | Lair:6   | Entered Level 6 of the Lair of Beasts
 25837 | Lair:6   | Noticed Kirke
 25850 | Lair:6   | Killed Kirke
 25883 | Lair:6   | Learned a level 7 spell: Orb of Destruction
 26028 | Lair:6   | Noticed Rupert
 26053 | Lair:6   | HP: 3/80 [Rupert/+0 vorpal battleaxe (26)]
 26055 | Lair:6   | Demolished by Rupert

Illustrated notes

Levels and vault maps discovered:
D:1:      minmay_arrival_arboretum_small, layout_basic, hex_large
D:2:      layout_loops_ring, uniq_jessica
D:3:      layout_loops_cross, gammafunk_ghost_gnarly_gnolls, minmay_pentangle
D:4:      layout_rooms, temple_doors_ab
D:5:      layout_basic, kennysheep_generic_room_5
D:6:      layout_loops_ring, serial_glass, glass_columns_b, glass_columns_c,
          glass_columns_b, glass_columns_b, glass_columns_a, basic_altar,
          lemuel_blue_sif_altar
D:7:      layout_cave_pods, enter_bailey_5, hangedman_decor_diamond_cutter
D:8:      layout_loops_corners, special_room [special_room_kobold], uniq_maurice
D:9:      layout_cave_pools, marbit_many_paths
D:10:     layout_cave_pods, uniq_sonja, uniq_nergalle
D:11:     layout_stronghold, erik_lair_orcish_takeover, erik_orc_3,
          minmay_hedge_maze
D:12:     layout_irregular_city
D:13:     layout_roguey
Temple:   compressed_dpeg_triangle_lava_temple
Lair:1:   layout_hall_layers, gammafunk_ghost_hydra_chop, beast_lair_carwin_1,
          grunt_megastairs_4, uniq_harold, uniq_joseph
Lair:2:   layout_hall_layers, guppyfry_snake_entry_garden,
          infiniplex_staircase_pool_2
Lair:3:   layout_loops_ring, palyth_hydra_swamp_entry, minmay_lindwurm_lava,
          lemuel_fruit_fields, serial_bayou_shore_b, minmay_lair_oklob_chamber,
          serial_bayou_shore_b
Lair:4:   layout_cave_pods, ebering_ghost_rock_garden, special_room
          [special_room_mythical_zoo]
Lair:5:   layout_misc_corridors, slime_altar_1, hangedman_lair_unloving_vines
Lair:6:   grunt_lair_end_beastmaster, layout_loops_ring, uniq_kirke,
          uniq_rupert, uniq_urug

Skill      XL: |  1  2  3  4  5  6  7  8  9 10 11 12 13 14 |
---------------+-------------------------------------------+-----
Short Blades   | 1 2 3 4 5 6 |  6.4
Throwing       | 1 2 |  2.0
Slings         | 1 3 5 9 11 | 11.9
Evocations     | 4 5 |  5.0
Conjurations   | 3 4 6 7 |  7.0
Spellcasting   | 2 6 9 |  9.0
Fire Magic     | 1 2 4 6 |  6.0
Armour         | 3 6 |  6.0
Fighting       | 3 6 |  6.0
Hexes          | 6 |  6.0
Dodging        | 6 |  6.8
Translocations | 1 |  1.1
Summonings     | 8 9 |  9.0
Air Magic      | 5 6 |  6.0
Maces & Flails | |  0.3
Stealth        | |  1.2

Action                   |  1- 3 |  4- 6 |  7- 9 | 10-12 | 13-15 || total
-------------------------+-------+-------+-------+-------+-------++-------
Melee: Club              |    12 |       |       |       |       ||    12
       Dagger            |     3 |       |    10 |       |       ||    13
       Short sword       |    75 |   177 |       |       |       ||   252
       Hunting sling     |       |       |     1 |     2 |       ||     3
 Fire: Hunting sling     |       |    60 |   301 |   762 |   567 ||  1690
Throw: Stone             |    10 |       |       |       |       ||    10
       Boomerang         |     8 |       |       |       |       ||     8
       Dart              |    10 |    69 |       |       |       ||    79
 Cast: Foxfire           |       |       |     2 |    15 |    14 ||    31
       Searing Ray       |       |       |       |     4 |     1 ||     5
       Call Imp          |       |       |       |       |    28 ||    28
       Summon Guardian G |       |       |       |       |    23 ||    23
       Call Canine Famil |       |       |       |       |    19 ||    19
       Summon Lightning  |       |       |       |       |     7 ||     7
Evoke: Wand              |    18 |     2 |     3 |     7 |    13 ||    43
       Box of beasts     |       |       |     1 |     2 |       ||     3
  Use: Scroll            |     1 |    11 |     4 |    14 |    12 ||    42
       Potion            |       |     2 |     1 |    10 |     7 ||    20
 Stab: Sleeping          |     1 |       |       |       |       ||     1
Armor: Leather armour    |    37 |       |       |       |       ||    37
       Ring mail         |       |    68 |    10 |   122 |   100 ||   300
       Robe              |       |     4 |       |       |       ||     4
       Fire dragon scale |       |       |    13 |       |       ||    13
       Skin              |       |       |       |       |    13 ||    13
Dodge: Dodged            |    72 |   122 |    35 |   103 |   155 ||   487
